 Dungeon Crawl Stone Soup version 0.28-a0-819-g6ef7baa362 (webtiles) character file.

Game seed: 8582611370283446066

170 MacCMillion the Ruffian (level 5, -8/49 HPs)
             Began as a Troll Earth Elementalist on Nov 8, 2021.
             Was a Priest of Lugonu.
             Mangled by a vampire mosquito (10 damage)
             ... on level 5 of the Dungeon.
             The game lasted 00:04:21 (1225 turns).

MacCMillion the Ruffian (Troll Earth Elementalist)  Turns: 1225, Time: 00:04:22

Health: -8/49      AC:  4    Str: 17    XL:     5   Next: 26%
Magic:  5/5        EV:  9    Int: 11    God:    Lugonu [***...]
Gold:   110        SH:  0    Dex: 10    Spells: 5/6 levels left

rFire   . . .      SeeInvis .     - Unarmed
rCold   . . .      Faith    .   (no shield)
rNeg    . . .      Spirit   .   b - +0 robe
rPois   .          Reflect  .   (helmet restricted)
rElec   .          Harm     .   (no cloak)
rCorr   .          Rampage  .   (gloves unavailable)
Will    .....                   (boots unavailable)
Stlth   +.........              (no amulet)
HPRegen 1.16/turn               (no ring)
MPRegen 0.09/turn               (no ring)

@: no status effects
A: large, unfitting armour, claws 3, regeneration 1, shaggy fur 1, tough skin 1
a: Renounce Religion, Depart the Abyss, Bend Space, Banish


You were on level 5 of the Dungeon.
You worshipped Lugonu.
Lugonu was most pleased with you.
You visited 1 branch of the dungeon, and saw 4 of its levels.

You collected 110 gold pieces.

Inventory:

Hand Weapons
 f - a +0 whip of flaming
Missiles
 c - 103 stones
 h - 4 atropa-tipped darts
 j - 24 poisoned darts
Armour
 b - a +0 robe (worn)
Scrolls
 e - 2 scrolls of identify {unknown}
 i - a scroll of enchant weapon {unknown}
 k - a scroll of acquirement {unknown}
Potions
 d - 3 potions of curing {unknown}
 g - a potion of lignification {unknown}


   Skills:
 + Level 2.1 Fighting
 - Level 1.5 Dodging
 - Level 1.0 Stealth
 * Level 4.0 Unarmed Combat
 - Level 1.2 Spellcasting
 - Level 0.6 Transmutations
 - Level 2.6 Earth Magic
 + Level 0.3 Invocations


You had 5 spell levels left.
You knew the following spells:

 Your Spells              Type           Power      Damage    Failure   Level
a - Sandblast             Erth           12%        2d6       11%         1

Your spell library contained the following spells:

 Spells                   Type           Power      Damage    Failure   Level
 Passwall                 Tmut/Erth      3%         N/A       24%         2
 Slow                     Hex            0%         N/A       32%         1
 Static Discharge         Conj/Air       0%         N/A       43%         2
 Stone Arrow              Conj/Erth      6%         3d7       50%         3
 Confusing Touch          Hex            0%         N/A       67%         3
 Vampiric Draining        Necr           0%         2d6       67%         3
 Petrify                  Tmut/Erth      4%         N/A       85%         4
 Lightning Bolt           Conj/Air       0%         1d11      100%        5
 Maxwell's Capacitive Co  Air            0%         ∞         100%        8


Dungeon Overview and Level Annotations

Branches:
Dungeon (3/15)

Altars:
Lugonu

Annotations:
D:5 Prince Ribbit


Innate Abilities, Weirdness & Mutations

You are too large for most types of armour.
You have claws for hands.
Your natural rate of healing is unusually fast.
You are covered in fur. (AC +1)
You have tough skin. (AC +1)


Message History

The vampire mosquito buzzes angrily.
The vampire mosquito bites you.
The vampire mosquito draws strength from your injuries!
The vampire mosquito buzzes angrily.
You hear an angry buzzing noise.
A vampire mosquito comes into view.
The vampire mosquito completely misses you.
Prince Ribbit croaks regally.
The vampire mosquito barely misses you. Prince Ribbit hits you!
The vampire mosquito misses you.
Prince Ribbit blinks!
Prince Ribbit barely misses you.
Prince Ribbit blinks!
You open the door. The vampire mosquito bites you.
The vampire mosquito draws strength from your injuries!
Prince Ribbit blinks!
The vampire mosquito bites you!
The vampire mosquito draws strength from your injuries!
The vampire mosquito bites you.
The vampire mosquito draws strength from your injuries!
The vampire mosquito barely misses you.
Found a fuming inky potion.
As you read the scroll labelled WUBROEBREG, it crumbles to dust.
It is a scroll of amnesia.
Really abort (and waste the scroll)? [Y]es or [N]o only, please.
Really abort (and waste the scroll)? [Y]es or [N]o only, please.
Really abort (and waste the scroll)?
Okay, then.
The vampire mosquito bites you.
* * * LOW HITPOINT WARNING * * *
The vampire mosquito draws strength from your injuries!
The vampire mosquito bites you.
* * * LOW HITPOINT WARNING * * *
The vampire mosquito draws strength from your injuries!
The vampire mosquito bites you!
* * * LOW HITPOINT WARNING * * *
The vampire mosquito draws strength from your injuries!
The vampire mosquito bites you but does no damage. x2
The vampire mosquito closely misses you.
The vampire mosquito bites you!
You die...

##'..(.....#
#.#........#
#.#.(......#
#+######........#
.........#######
........F#
.........#
......yyy#
.......@y#
#######'## ...
#.... #.....
#.....# +..!..#
#.....#


You could see Prince Ribbit and 4 vampire mosquitoes.

Vanquished Creatures
  A scorpion (D:2)
  A centaur zombie (D:5)
  3 adders (D:2)
  A worm (D:2)
  2 dart slugs (D:1)
  6 ball pythons
  2 bats (D:2)
  3 endoplasms (D:2)
  2 giant cockroaches
  3 goblins
  5 hobgoblins
  10 jackals
  2 quokkas
  3 frilled lizards
  A kobold (D:2)
  A rat (D:1)
46 creatures vanquished.

Notes
Turn   | Place    | Note
-------+----------+-------------------------------------------
     0 | D:1      | MacCMillion the Troll Earth Elementalist began the quest
                  | for the Orb.
     0 | D:1      | Reached XP level 1. HP: 16/16 MP: 1/1
    77 | D:1      | Reached skill level 1 in Unarmed Combat
    84 | D:1      | Found a faded altar of an unknown god.
   103 | D:1      | Prayed at the altar of an unknown god.
   103 | D:1      | Became a worshipper of Lugonu the Unformed
   103 | D:1      | Reached * piety under Lugonu
   103 | D:1      | Reached ** piety under Lugonu
   135 | D:1      | Reached XP level 2. HP: 26/26 MP: 2/2
   582 | D:2      | Reached skill level 2 in Unarmed Combat
   591 | D:2      | Reached skill level 1 in Fighting
   603 | D:2      | Reached XP level 3. HP: 31/33 MP: 3/3
   639 | D:2      | Noticed a scorpion
   653 | D:2      | Killed a scorpion
   654 | D:2      | Reached skill level 3 in Unarmed Combat
   654 | D:2      | Reached XP level 4. HP: 17/42 MP: 4/4
   735 | D:2      | Reached *** piety under Lugonu
  1010 | D:2      | Reached XP level 5. HP: 49/49 MP: 5/5
  1198 | D:3      | You fall into a shaft and drop 2 floors!
  1198 | D:5      | Entered Level 5 of the Dungeon
  1198 | D:5      | Noticed Prince Ribbit
  1210 | D:5      | Noticed a vampire mosquito
  1212 | D:5      | Noticed a vampire mosquito
  1215 | D:5      | Reached skill level 4 in Unarmed Combat
  1215 | D:5      | Noticed a vampire mosquito
  1218 | D:5      | Noticed a vampire mosquito
  1225 | D:5      | HP: 2/49 [vampire mosquito (8)]
  1225 | D:5      | Mangled by a vampire mosquito

Illustrated notes

Levels and vault maps discovered:
D:1:      onia_arrival_pentagram, layout_basic,
          dreamdust_ecumenical_altar_statues
D:2:      layout_rooms
D:3:      layout_loops_ring, palyth_stone_intersect, item_on_display_a
D:5:      layout_gridville, chequers_temple_overflow_minitemple, minitemple,
          nicolae_take_the_stairs, uniq_prince_ribbit1, uniq_ijyb, uniq_pikel,
          uniq_grinder

Skill      XL: |  1  2  3  4  5 |
---------------+----------------+-----
Unarmed Combat | 1 2 3 4 |  4.0
Fighting       | 1 2 |  2.1
Dodging        | |  1.5
Stealth        | |  1.0
Spellcasting   | |  1.2
Transmutations | |  0.6
Earth Magic    | |  2.6
Invocations    | |  0.3

Action                   |  1- 3 |  4- 6 || total
-------------------------+-------+-------++-------
Melee: Unarmed           |    75 |    63 ||   138
       Punch             |       |     3 ||     3
  Use: Scroll            |       |     1 ||     1
 Stab: Sleeping          |     1 |     1 ||     2
Armor: Robe              |    26 |    30 ||    56
Dodge: Dodged            |    33 |    37 ||    70

Table legend: (Time is in decaauts)
 A = Elapsed time spent in this place.
 B = Non-inter-level travel time spent in this place.
 C = Inter-level travel time spent in this place.
 D = Time resting spent in this place.
 E = Time spent auto-exploring this place.
 F = Levels seen in this place.
 G = Mean time per level.
                   A        B        C        D        E       F      G
               +--------+--------+--------+--------+--------+-----+--------+
         Total |   1217 |   1168 |     49 |      0 |    844 |   4 |  304.2 |
       Dungeon |   1217 |   1168 |     49 |      0 |    844 |   4 |  304.2 |
               +--------+--------+--------+--------+--------+-----+--------+

Top non-repeatable levels by time:
     D:1: 573 daAuts
     D:2: 544 daAuts
     D:3: 73 daAuts
     D:5: 26 daAuts
